 Dungeon Crawl Stone Soup version 0.16-a0-148-g3b84123 (webtiles) character file.

237 Ratboiler the Quickloader (level 5, 0/41 HPs)
             Began as a Centaur Hunter on Aug 17, 2014.
             Slain by a killer bee (3 damage)
             ... on Level 4 of the Dungeon.
             The game lasted 00:10:39 (2600 turns).

Ratboiler the Quickloader (Centaur Hunter)          Turns: 2600, Time: 00:10:39

HP   0/41        AC  5     Str 19      XL: 5   Next: 77%
MP   4/4         EV 10     Int 10      God:
Gold 233         SH  0     Dex 11      Spells:  0 memorised,  4 levels left

rFire  . . .     SeeInvis .     b - +1 hand crossbow
rCold  . . .     Rnd*Rage +     d - +0 leather armour
rNeg   + . .     rCorr    .     (no shield)
rPois  .         rRot     .     (helmet restricted)
rElec  .         Spirit   .     (no cloak)
SustAb .         Warding  .     v - +0 pair of gloves
rMut   .         Stasis   .     (no barding)
Gourm  .                        (no amulet)
MR     .....                    (no ring)
                                B - ring of positive energy

@: mighty, very slightly contaminated, invisible, very quick, not resistant to
hostile enchantments, very unstealthy
A: antennae 1, fangs 1, hooves 3, berserk 1, deformed body, speed 2, tough skin
3
a: no special abilities


You were on level 4 of the Dungeon.
You were not hungry.

You visited 1 branch of the dungeon, and saw 4 of its levels.

You collected 233 gold pieces.

Inventory:

Hand weapons
 a - a +1 whip of electrocution
 b - a +1 hand crossbow (weapon)
 o - a +0 short sword
 y - a +0 spear
Missiles
 c - 18 bolts (quivered)
 e - 5 poisoned needles
Armour
 d - a +0 leather armour (worn)
 g - a +2 shield
 v - a +0 pair of gloves (worn)
Magical devices
 u - a wand of frost (11)
Comestibles
 f - 3 bread rations
 m - 2 meat rations
 A - 2 fruits
 E - 3 rotting chunks of orc flesh
 F - a chunk of giant gecko flesh
Scrolls
 h - 5 scrolls of identify {unknown}
 l - 2 scrolls of noise {unknown}
 n - a scroll of remove curse {unknown}
 q - a scroll of teleportation {unknown}
 r - 3 scrolls of enchant weapon {unknown}
 w - 2 scrolls of recharging {unknown}
 D - a scroll of blinking {unknown}
Jewellery
 x - an uncursed ring of see invisible {unknown}
 B - a ring of positive energy (left hand)
Potions
 k - a potion of magic
 s - a potion of cancellation
 t - a potion of might
 z - a potion of mutation
 C - a potion of restore abilities {unknown}


   Skills:
 + Level 2.2 Fighting
 * Level 13.1 Crossbows
 + Level 2.1 Dodging
 - Level 0.5 Stealth


You had 4 spell levels left.
You didn't know any spells.

Dungeon Overview and Level Annotations

Branches:
Dungeon (4/15)
 Temple: D:4-7

Altars:


Innate Abilities, Weirdness & Mutations

You have hooves in place of feet.
Armour fits poorly on your strangely shaped body.
You cover ground very quickly.
You have extremely tough skin (AC +3).
You have a pair of small antennae on your head.
You have very sharp teeth.
You tend to lose your temper in combat.


Message History

Drink which item? (? for menu, Esc to quit)
You feel much better.
It was a potion of heal wounds.
The killer bee stings you. The killer bee barely misses you.
You feel sick. The killer bee barely misses you. The killer bee stings you.
You feel sick. The killer bee stings you. The killer bee stings you!
* * * LOW HITPOINT WARNING * * *
You feel sick.
You are no longer poisoned.
The killer bee stings you.
* * * LOW HITPOINT WARNING * * *
The killer bee barely misses you.
There is an escape hatch in the ceiling here.
The killer bee stings you!
* * * LOW HITPOINT WARNING * * *
The killer bee stings you.
You die...

##..# ##..## #....
####..## ##...###
###..# ......##
#......# ###
..##...#####..####...#
.#####...##...# #.# .#
###...#..## # ##
##..###.## #.# # #
##.## ##y## ..# #..
########..# #.@#
#..####... ..........#
##.# ...#.... #
...#####.## #.#
#.....# .# ..## ###
##.# ##....###.# ..#
##..# ##......#..# .##
#...###....<.....# .#
#........###.....# .##
##......####....## ..#
##.....###...###


You could see a killer bee.

Vanquished Creatures
  A worker ant (D:4)
  3 adders (D:2)
  4 giant geckos
  9 orcs
  6 bats
  3 giant cockroaches
  4 goblins
  6 hobgoblins
  2 quokkas
  A giant gecko skeleton (D:4)
  2 giant newts
  A giant newt skeleton (D:4)
  5 jackals
  7 kobolds
  6 rats
60 creatures vanquished.

Notes
Turn   | Place    | Note
--------------------------------------------------------------
     0 | D:1      | Ratboiler, the Centaur Hunter, began the quest for the Orb.
     0 | D:1      | Reached XP level 1. HP: 16/16 MP: 1/1
   218 | D:1      | Reached XP level 2. HP: 20/23 MP: 2/2
   544 | D:2      | Reached skill level 5 in Crossbows
   544 | D:2      | Reached XP level 3. HP: 26/28 MP: 3/3
  1239 | D:3      | Reached XP level 4. HP: 32/36 MP: 3/3
  2579 | D:4      | Gained mutation: You have a pair of small antennae on your head. [potion of mutation]
  2579 | D:4      | Gained mutation: You have very sharp teeth. [potion of mutation]
  2579 | D:4      | Gained mutation: You tend to lose your temper in combat. [potion of mutation]
  2583 | D:4      | Reached skill level 13 in Crossbows
  2583 | D:4      | Reached XP level 5. HP: 4/41 MP: 4/4
  2600 | D:4      | Slain by a killer bee

Action                   |  1- 3 |  4- 6 || total
-------------------------+-------+-------++-------
Melee: Short sword       |     4 |       ||     4
       Spear             |    51 |    15 ||    66
       Whip              |       |    36 ||    36
 Fire: Hand crossbow     |    55 |    24 ||    79
Evoke: Wand              |       |     1 ||     1
  Use: Potion            |       |     7 ||     7
  Eat: Chunk             |       |     4 ||     4
